 Dungeon Crawl Stone Soup version 0.19.0-2-gae57169 (webtiles) character file.

6089 Ladykiller69 the Carver (level 10, -5/88 HPs)
             Began as a Minotaur Gladiator on Nov 4, 2016.
             Was an Elder of Okawaru.
             Killed by divine providence
             ... invoked by an orc priest
              (13 damage)
             ... on level 9 of the Dungeon.
             The game lasted 00:32:54 (6913 turns).

Ladykiller69 the Carver (Minotaur Gladiator)        Turns: 6913, Time: 00:32:56

Health: -5/88      AC: 10    Str: 19    XL:     10   Next: 58%
Magic:  21/21      EV: 15    Int:  5    God:    Okawaru [****..]
Gold:   1073       SH:  0    Dex: 15    Spells: 0 memorised, 9 levels left

rFire  . . .     SeeInvis +     b - +3 great sword
rCold  . . .     Gourm    .     h - +0 scale mail of Zaudun {rElec Regen+ MP+9} (curse)
rNeg   . . .     Faith    .     (shield currently unavailable)
rPois  .         Spirit   .     c - +0 hat
rElec  +         Reflect  .     E - +1 cloak
rCorr  +         Harm     .     (no gloves)
MR     .....                    (no boots)
Stlth  ..........               G - amulet of regeneration
                                Q - ring of see invisible
                                o - ring of resist corrosion

@: no status effects
A: retaliatory headbutt, horns 2
a: Heroism, Renounce Religion


You were on level 9 of the Dungeon.
You worshipped Okawaru.
Okawaru was greatly pleased with you.
You were hungry.

You visited 2 branches of the dungeon, and saw 10 of its levels.
You also visited: Bailey.

You collected 1073 gold pieces.

Inventory:

Hand Weapons
 a - a +1 long sword
 b - a +3 great sword (weapon)
 K - a +2 whip of electrocution
 P - the +4 falchion "Witoixod" {speed, +Rage rC+ Stlth+, unknown}
   (You found it on level 8 of the Dungeon)

   Attacks with this weapon are significantly faster.
   It protects you from cold.
   It lets you go berserk.
   It makes you more stealthy.
Missiles
 d - 3 throwing nets
 i - 245 stones (quivered)
 w - 45 tomahawks of returning
 J - 8 tomahawks
Armour
 c - a +0 hat (worn)
 h - the cursed +0 scale mail of Zaudun (worn) {rElec Regen+ MP+9}
   (You found it on level 5 of the Dungeon)

   It insulates you from electricity.
   It affects your magic capacity (+9).
   It increases your rate of regeneration.
   It has a curse placed upon it.
 D - a +0 plate armour
 E - a +1 cloak (worn)
 M - a +0 chain mail
Jewellery
 n - an uncursed ring of magical power
 o - a ring of resist corrosion (left hand)
 v - an uncursed ring of wizardry
 C - an uncursed ring of teleportation
 G - an amulet of regeneration (around neck)
 N - an uncursed ring of flight
 Q - a ring of see invisible (right hand)
Wands
 j - a wand of random effects (26/48)
 y - a wand of confusion (43/48)
 L - a wand of iceblast (9/15)
 S - a wand of confusion (13/48)
Scrolls
 e - 3 scrolls of teleportation
 p - a scroll of identify
 r - 2 scrolls of amnesia
 s - a scroll of enchant armour
 t - 2 scrolls of fog
 u - 2 scrolls of remove curse
 H - 2 scrolls of blinking
Potions
 g - 3 potions of lignification
 k - 2 potions of flight
 l - a potion of invisibility
 q - a potion of haste {unknown}
 x - 2 potions of curing
 z - a potion of cure mutation {unknown}
 A - 3 potions of cancellation
 F - 2 potions of brilliance {unknown}
 I - 4 potions of heal wounds {unknown}
 O - 2 potions of agility
Miscellaneous
 B - a phial of floods
Comestibles
 f - 5 bread rations
 m - 2 meat rations
 R - 2 chunks of flesh


   Skills:
 + Level 8.3 Fighting
 * Level 11.8 Long Blades
 - Level 2.0 Throwing
 + Level 8.2 Armour
 + Level 8.0 Dodging
 + Level 5.2 Invocations


You had 9 spell levels left.
You didn't know any spells.

Dungeon Overview and Level Annotations

Branches:
Dungeon (9/15)             Temple (1/1) D:4
   Lair: D:8-11         Orc: D:9-12

Altars:
Ashenzari
Cheibriados
Dithmenos
Elyvilon
Fedhas
Gozag
Hepliaklqana
Kikubaaqudgha
Makhleb
Nemelex Xobeh
Okawaru
Qazlal
Ru
Sif Muna
Trog
Vehumet
Xom
Yredelemnul
Zin
The Shining One

Annotations:
D:4 1 exclusion
D:9 SeriousVitamin's ghost, journeyman MiFi


Innate Abilities, Weirdness & Mutations

You reflexively headbutt those who attack you in melee.
You have a pair of horns on your head.


Message History

The orc priest invokes the aid of Beogh against you.
Beogh smites you!
You hit SeriousVitamin's ghost. You headbutt SeriousVitamin's ghost!
SeriousVitamin's ghost is severely damaged.
SeriousVitamin's ghost hits you!!
* * * LOW HITPOINT WARNING * * *
Okay, then.
The orc priest begins to cast a cantrip, but forgets the words!
There is an open door here.
The warg howls!
SeriousVitamin's ghost says very slowly, "There's no hope."
You feel like a meek peon again. The warg barely misses you.
The orc priest invokes the aid of Beogh against you.
Beogh smites you!
* * * LOW HITPOINT WARNING * * *
The warg barely misses you.
The orc priest mumbles some strange prayers to Beogh against you.
Beogh smites you!
You die...

........ .........#
....# ###.......# '##
######.## o.## #...#
#..# ##.### ##'##
#.#####+#### #..# ...W#
....$.....#########'####
....#
#......'....#.......#
....#####
#....@.####.#<......#
....†...####..h...#
#.'.......#
....###...o'..W...#
###.......# ....#
######......# #.......#
....# #......# #########
##### #......# ########


You could see a warg, an orc priest and SeriousVitamin's ghost.

Vanquished Creatures
  Pikel (D:7)
  2 orc knights (Bailey)
  Eustachio (D:4)
  3 hungry ghosts
  A warg (D:9)
  Menkaure (D:6)
  5 orc warriors
  Duvessa (D:7)
  4 ice beasts
  3 sky beasts
  3 phantoms
  7 ogres
  A centaur (D:7)
  Blork the orc (D:4)
  4 bullfrogs
  A scorpion (D:4)
  A water moccasin skeleton (D:6)
  Dowan (D:7)
  6 killer bees (D:7)
  4 wights (D:8)
  3 crimson imps (D:6)
  4 hounds
  3 jellies
  An orc priest (D:5)
  Crazy Yiuf (D:4)
  A bullfrog skeleton (D:3)
  A centaur skeleton (D:4)
  A gnoll shaman (D:7)
  2 iguanas
  An orc wizard (D:6)
  5 worker ants
  A hound skeleton (D:7)
  A worker ant zombie (D:4)
  Robin (D:4)
  11 adders
  16 gnolls
  A shadow imp (D:9)
  3 oozes
  An adder zombie (D:5)
  3 worms
  A dart slug (D:1)
  5 leopard geckos
  21 orcs
  A ball python (D:2)
  7 giant cockroaches
  15 goblins
  7 hobgoblins
  2 jackals (D:7)
  17 kobolds
  3 quokkas
  8 bats
  5 frilled lizards
  A leopard gecko skeleton (D:4)
  11 rats
216 creatures vanquished.

Vanquished Creatures (others)
  5 toadstools (D:1)
5 creatures vanquished.

Grand Total: 221 creatures vanquished

Notes
Turn   | Place    | Note
-------+----------+-------------------------------------------
     0 | D:1      | Ladykiller69 the Minotaur Gladiator began the quest for the Orb.
     0 | D:1      | Reached XP level 1. HP: 18/18 MP: 0/0
   112 | D:1      | Reached XP level 2. HP: 23/25 MP: 1/1
   170 | D:1      | Reached skill level 4 in Long Blades
   175 | D:1      | Reached skill level 1 in Armour
   352 | D:1      | Reached XP level 3. HP: 30/30 MP: 2/2
   973 | D:2      | Reached XP level 4. HP: 32/38 MP: 3/3
  1401 | D:3      | Reached skill level 5 in Long Blades
  1491 | D:3      | Reached XP level 5. HP: 43/45 MP: 4/4
  2232 | D:4      | Noticed Robin
  2345 | D:4      | Found a sparkling altar of Nemelex Xobeh.
  2345 | D:4      | Noticed a yak
  2445 | D:4      | Noticed Eustachio
  2481 | D:4      | Killed Eustachio
  2481 | D:4      | Reached skill level 6 in Long Blades
  2481 | D:4      | Reached XP level 6. HP: 40/52 MP: 5/5
  2760 | D:4      | Noticed Blork the orc
  2765 | D:4      | Killed Blork the orc
  2791 | D:4      | Reached XP level 7. HP: 60/60 MP: 6/6
  3041 | D:4      | Reached skill level 5 in Dodging
  3107 | D:4      | Killed Robin
  3111 | D:4      | Reached skill level 7 in Long Blades
  3264 | D:4      | Found a runed door.
  3331 | D:4      | Found a staircase to the Ecumenical Temple.
  3336 | Temple   | Entered the Ecumenical Temple
  3354 | Temple   | Became a worshipper of Warmaster Okawaru
  3473 | D:4      | Noticed Crazy Yiuf
  3477 | D:4      | Killed Crazy Yiuf
  3530 | D:5      | Entered Level 5 of the Dungeon
  3804 | D:5      | Reached skill level 5 in Fighting
  4022 | D:5      | Got a scorched scale mail
  4033 | D:5      | Identified the cursed +0 scale mail of Zaudun {rElec Regen+ MP+9} (You found it on level 5 of the Dungeon)
  4114 | D:5      | Reached XP level 8. HP: 69/69 MP: 7/7
  4240 | D:6      | Reached skill level 8 in Long Blades
  4240 | D:6      | Reached skill level 5 in Armour
  4240 | D:6      | Reached skill level 1 in Invocations
  4262 | D:6      | Reached * piety under Okawaru
  4469 | D:6      | Found a deep blue altar of Sif Muna.
  4473 | D:6      | Found a snail-covered altar of Cheibriados.
  4474 | D:6      | Found a shimmering altar of Xom.
  4630 | D:6      | Found a shadowy altar of Dithmenos.
  4705 | D:6      | Noticed Menkaure
  4714 | D:6      | Killed Menkaure
  4714 | D:6      | Reached skill level 9 in Long Blades
  4763 | D:6      | Reached ** piety under Okawaru
  4828 | D:6      | Reached XP level 9. HP: 76/78 MP: 10/10
  5005 | D:7      | Noticed Pikel
  5049 | D:7      | Killed Pikel
  5049 | D:7      | Reached skill level 10 in Long Blades
  5178 | D:7      | Reached *** piety under Okawaru
  5319 | D:7      | Found a glowing silver altar of Zin.
  5429 | D:7      | Found a flagged portal.
  5437 | D:7      | Noticed Dowan
  5438 | D:7      | Noticed Duvessa
  5440 | Bailey   | Entered a bailey
  5447 | Bailey   | Noticed an orc knight
  5448 | Bailey   | Noticed an orc knight
  5588 | Bailey   | Reached XP level 10. HP: 42/86 MP: 12/12
  5826 | Bailey   | Killed an orc knight
  5826 | Bailey   | Reached skill level 11 in Long Blades
  5832 | Bailey   | Killed an orc knight
  5832 | Bailey   | Reached **** piety under Okawaru
  5868 | D:7      | Killed Dowan
  5874 | D:7      | Killed Duvessa
  6262 | D:8      | Found a sparkling altar of Nemelex Xobeh.
  6559 | D:8      | Reached skill level 5 in Invocations
  6590 | D:8      | Got a faintly glowing falchion
  6877 | D:9      | Noticed SeriousVitamin's ghost (journeyman MiFi)
  6913 | D:9      | Killed from afar by an orc priest

Skill      XL: |  1  2  3  4  5  6  7  8  9 10 |
---------------+-------------------------------+-----
Long Blades    | 4 5 6 7 9 10 11 | 11.8
Armour         | 1 2 3 4 6 7 8 |  8.2
Fighting       | 3 4 5 6 7 8 |  8.3
Dodging        | 4 5 6 7 8 |  8.0
Invocations    | 2 4 5 |  5.2
Throwing       | |  2.0

Action                   |  1- 3 |  4- 6 |  7- 9 | 10-12 || total
-------------------------+-------+-------+-------+-------++-------
Melee: Long sword        |    57 |   117 |   308 |    80 ||   562
       Headbutt          |    11 |    18 |    68 |    35 ||   132
       Punch             |       |       |     2 |       ||     2
       Great sword       |       |       |       |    65 ||    65
Throw: Stone             |       |       |    23 |     3 ||    26
Invok: Heroism           |       |       |     3 |     3 ||     6
 Abil: Evoke Flight      |       |       |     1 |     3 ||     4
  Use: Scroll            |       |       |    16 |     1 ||    17
       Potion            |       |       |       |     1 ||     1
 Stab: Sleeping          |     2 |       |       |       ||     2
       Invisible         |       |       |       |    10 ||    10
       Distracted        |       |       |       |     1 ||     1
  Eat: Chunk             |       |     6 |    12 |     5 ||    23
       Fruit             |       |       |     2 |       ||     2
       Royal jelly       |       |       |     1 |       ||     1
       Pizza             |       |       |     1 |       ||     1
Armor: Leather armour    |    13 |       |       |       ||    13
       Ring mail         |       |    30 |    10 |       ||    40
       Scale mail        |       |       |    94 |    35 ||   129
Dodge: Dodged            |    43 |    70 |   161 |    81 ||   355
       Rpst.: Long sword |    13 |    15 |    39 |    13 ||    80
       Great sword       |       |       |       |     6 ||     6
